 Dungeon Crawl Stone Soup version 0.30-a0-782-ge64f9170bb (webtiles) character file.

Game seed: 14602001677263165969

83990 Anon1729 the Severer (level 15, -4/141 HPs)
             Began as a Minotaur Monk on Feb 22, 2023.
             Was an Initiate of Gozag.
             Constricted to death by a shambling mangrove (6 damage)
             ... on level 1 of the Swamp.
             The game lasted 00:23:18 (19253 turns).

Anon1729 the Severer (Minotaur Monk)               Turns: 19253, Time: 00:23:19

Health: -4/141     AC: 18    Str: 26    XL:     15   Next: 33%
Magic:  14/14      EV: 10    Int: 12    God:    Gozag
Gold:   4513       SH:  0    Dex: 13    Spells: 14/14 levels left

rFire   + . .      SeeInvis .    J - +7 broad axe (flame)
rCold   + + .      Faith    .    b - orb {light}
rNeg    . . .      Spirit   .    P - +0 plate armour
rPois   +          Reflect  .    (helmet restricted)
rElec   .          Harm     .    H - scarf {rC+ rF+}
rCorr   .          Rampage  .    (no gloves)
Will    +....                    r - +0 pair of boots Stlth
                                 e - amulet of the acrobat
HPRegen 0.43/turn                I - ring "Giod" {rC+ Str+3 Int+5 Stlth+}
MPRegen 0.14/turn                w - ring of poison resistance

@: grasped by roots, gold aura, on berserk cooldown, slowed, glowing,
constricted, very slow
A: horns 2, retaliatory headbutt, subdued magic 1
a: Renounce Religion, Potion Petition, Call Merchant, Bribe Branch


You were on level 1 of the Swamp.
You worshipped Gozag.
Gozag was most pleased with you.
You visited 4 branches of the dungeon, and saw 19 of its levels.
You visited the Abyss 1 time.
You also visited: Sewer.

You collected 7427 gold pieces.
You spent 906 gold pieces at shops.
You paid 2008 gold pieces to Gozag.

Inventory:

Hand Weapons
 E - a +4 battleaxe of freezing
 J - a +7 broad axe of flaming (weapon)
Missiles
 z - 4 throwing nets (quivered)
Armour
 b - an orb of light (worn)
 o - a +2 cloak
 r - a +0 pair of boots (worn)
 H - a scarf of resistance (worn)
 P - a +0 plate armour (worn)
 S - an orb of guile
Jewellery
 e - an amulet of the acrobat (around neck)
 k - a ring of fire
 u - a ring of resist corrosion
 w - a ring of poison resistance (right hand)
 A - the amulet "Cuimou" {Acrobat -Tele rN+ Regen+ SInv}
   (You found it on level 5 of the Dungeon)

   [amulet of the acrobat]

   It increases your evasion while moving and waiting.
   rN:        It protects you from negative energy.
   SInv:      It lets you see invisible.
   -Tele:     It prevents most forms of teleportation.
   Regen:     It increases your rate of health regeneration.
 C - a +5 ring of evasion
 I - the ring "Giod" (left hand) {rC+ Str+3 Int+5 Stlth+}
   (You found it on level 6 of the Dungeon)

   [ring of protection from cold]

   Str:       It affects your strength (+3).
   Int:       It affects your intelligence (+5).
   rC:        It protects you from cold.
   Stlth:     It makes you more stealthy.
 Y - a ring of flight
Wands
 p - a wand of digging (7)
 s - a wand of iceblast (26)
 K - a wand of flame (25)
 L - a wand of quicksilver (3)
 N - a wand of polymorph (8)
 Q - a wand of mindburst (3)
 W - a wand of paralysis (11)
Scrolls
 g - 4 scrolls of enchant armour
 h - 5 scrolls of fog
 j - 2 scrolls of fear
 m - 8 scrolls of teleportation
 q - 3 scrolls of immolation
 x - 3 scrolls of blinking
 y - 5 scrolls of poison
 F - 7 scrolls of magic mapping
 G - 5 scrolls of amnesia
 M - a scroll of silence
 T - a scroll of summoning
 U - 3 scrolls of vulnerability
Potions
 a - 2 potions of attraction
 c - 6 potions of curing
 d - 3 potions of berserk rage
 f - a potion of might
 i - 7 potions of mutation
 l - a potion of heal wounds
 n - 5 potions of brilliance
 t - a potion of lignification {unknown}
 B - a potion of resistance
 D - a potion of haste {unknown}
 X - 3 potions of flight
Miscellaneous
 v - a phial of floods


   Skills:
 + Level 15.2 Fighting
 * Level 20.7 Axes
 + Level 14.8 Armour
 + Level 14.1 Dodging
 - Level 1.5 Stealth


You had 14 spell levels left.
You didn't know any spells.
Your spell library contained the following spells:

 Spells                   Type           Power      Damage    Failure   Level
 Freeze                   Ice            0%         1d3       90%         1
 Frozen Ramparts          Ice            0%         1d1       99%         3
 Hailstorm                Conj/Ice       0%         3d3       99%         3
 Ignite Poison            Fire/Tmut/Pois 0%         N/A       99%         3
 Inner Flame              Hex/Fire       0%         N/A       99%         3
 Kindle Blastsparks       Fire/Tloc/Air  0%         2d10      99%         3
 Cause Fear               Hex            0%         N/A       100%        4
 Fulminant Prism          Conj/Hex       0%         3d5       100%        4
 Ice Form                 Ice/Tmut       0%         N/A       100%        4
 Iskenderun's Mystic Bla  Conj/Tloc      0%         2d3       100%        4
 Leda's Liquefaction      Hex/Erth       0%         N/A       100%        4
 Passage of Golubria      Tloc           0%         N/A       100%        4
 Summon Ice Beast         Ice/Summ       0%         N/A       100%        4
 Freezing Cloud           Conj/Ice/Air   0%         6-21      100%        5
 Lee's Rapid Deconstruct  Erth           0%         3d4*      100%        5
 Silence                  Hex/Air        0%         N/A       100%        5
 Statue Form              Tmut/Erth      0%         N/A       100%        6
 Discord                  Hex            0%         N/A       100%        8
 Lehudib's Crystal Spear  Conj/Erth      0%         10d2      100%        8
 Shatter                  Erth           0%         3d5*      100%        9
 Simulacrum               Ice/Necr       Unusable   N/A       N/A         6

Dungeon Overview and Level Annotations

Branches:
Dungeon (11/15)            Temple (0/1) D:7            Lair (5/5) D:8
  Swamp (1/4) Lair:2       Spider (0/4) Lair:2        Slime (0/5) Lair:5
    Orc (2/2) D:9             Elf (0/3) Orc:2         Sewer (visited)

Altars:
Gozag
Vehumet
Yredelemnul

Shops:
D:5 (   D:6 (   D:7 *   Orc:2 =?***

Annotations:
D:6 5 runed translucent doors, Crazy Yiuf
D:11 2 transporters
Lair:5 1 runed translucent door


Innate Abilities, Weirdness & Mutations

You have a pair of horns on your head.
You reflexively headbutt those who attack you in melee.
Your spells are a little easier to cast, but a little less powerful.


Message History

The shambling mangrove is no longer distracted by gold.
The fenstrider witch gestures at you while chanting.
Your body is wracked with pain!
You are too injured to fight recklessly!
You barely miss the fenstrider witch.
Your headbutt misses the fenstrider witch.
The fenstrider witch is severely wounded.
Roots burst forth from the earth!
The grasping roots grab you! The grasping roots constrict you!
* * * LOW HITPOINT WARNING * * *
You slice the fenstrider witch!! You burn the fenstrider witch!
You kill the fenstrider witch!
You hear a splash.
The roots grasp on you weakens, but your attempt to escape fails.
The roots grasp on you weakens, but your attempt to escape fails.
You feel a strong urge to attack something.
The grasping roots constrict you.
You escape the roots grasp.
You see here 3 gold pieces.
You hit the shambling mangrove. You burn the shambling mangrove.
The shambling mangrove is lightly damaged.
You slice the shambling mangrove!! You burn the shambling mangrove!
The shambling mangrove is heavily damaged.
You slice the shambling mangrove!! You burn the shambling mangrove.
You headbutt the shambling mangrove.
The shambling mangrove is severely damaged.
You are no longer berserk.
You are exhausted.
You feel yourself slow down.
Roots burst forth from the earth!
The grasping roots grab you! The grasping roots constrict you!
* * * LOW HITPOINT WARNING * * *
You hit the shambling mangrove. You burn the shambling mangrove.
The shambling mangrove is severely damaged.
The shambling mangrove hits you!!
* * * LOW HITPOINT WARNING * * *
The grasping roots constrict you.
You die...
Your body crumbles into a pile of gold.

~.~~~§~ ~~~~~§.♣♣ $
....~~~.♣ ~~..~...♣♣
.~~~~~~ ♣..~~~§~.♣♣♣
♣♣.~~§~~~
..~~~~~~~.~♣♣♣♣...~~~.~
..~~~~~f..~~....~~~~~..
..~~~~$@$~~~~~..~~~~~§.
~.~~~.$.§~~~~~~.~~~~~~~
♣♣♣♣♣....$~~~~§.~...~~~
♣♣~~♣♣♣~~~~..~...♣♣§
♣♣♣♣ ♣♣♣.~..♣♣♣♣♣..
♣♣♣♣.~.♣♣♣♣ ♣..
♣~~~...♣~.♣♣♣.~
♣.~....♣~~.♣♣..
♣~~~~~.♣~~.....


You could see a shambling mangrove.

Vanquished Creatures
  A fenstrider witch (Swamp:1)
  3 ghouls (Swamp:1)
  A red draconian (Abyss:2)
  A rakshasa (D:10)
  Fannar (Lair:1)
  3 hydras
  A catoblepas (Lair:5)
  2 ogre magi (Orc:2)
  4 boulder beetles
  An alligator (Swamp:1)
  Erica (D:10)
  14 two-headed ogres
  2 death yaks (Lair:5)
  2 thrashing horrors (Abyss:2)
  Nergalle (Orc:1)
  Sonja (Orc:2)
  2 wretched stars (Abyss:2)
  A fire crab (Lair:5)
  2 sixfirhies (Abyss:2)
  A goliath frog (Swamp:1)
  A skyshark (Lair:3)
  2 deep trolls
  An orange crystal statue (D:8)
  2 orc knights (Orc:1)
  A wizard (D:10)
  A manticore (D:10)
  A large abomination (Abyss:2)
  2 cyclopes (Orc:2)
  6 black mambas
  Maurice (Orc:1)
  4 elephants (Lair:4)
  An apocalypse crab (Abyss:2)
  A smoke demon (Abyss:2)
  10 cane toads
  A torpor snail (Lair:5)
  3 gargoyles
  An orange demon (Abyss:2)
  An efreet (Abyss:2)
  5 unseen horrors
  18 komodo dragons
  4 rime drakes
  6 hornets (Lair:5)
  11 trolls
  4 polar bears
  4 raiju (Abyss:2)
  Grinder (D:6)
  9 blink frogs
  Sigmund (D:6)
  3 shadows
  A vampire (D:10)
  A ynoxinul (Abyss:2)
  14 spriggans (Lair:5)
  10 wyverns
  45 yaks
  5 basilisks
  2 small abominations (Abyss:2)
  2 neqoxecs (Abyss:2)
  3 steam dragons
  8 vampire mosquitoes
  4 swamp worms (Swamp:1)
  Duvessa (D:6)
  Pargi (Sewer)
  5 acid dragons
  20 water moccasins
  4 ice beasts
  9 black bears
  2 sky beasts (D:7)
  12 orc warriors
  27 ogres
  26 wolves
  4 boggarts (Lair:5)
  8 centaurs
  A phantom (D:6)
  7 kobold brigands
  A necrophage (D:6)
  16 bullfrogs
  7 scorpions
  2 gnoll sergeants
  15 wights
  Dowan (D:6)
  8 killer bees
  3 electric eels (Lair:2)
  5 howler monkeys
  4 lava snakes
  3 hounds
  A jelly (D:6)
  8 orc priests
  3 gnoll boudas
  An iron imp (Abyss:2)
  Jessica (D:3)
  10 orc wizards
  Natasha (twice) (D:2)
  5 iguanas
  A centaur simulacrum (D:10)
  7 adders
  25 gnolls
  2 shadow imps (D:8)
  6 white imps
  An ufetubus (D:7)
  A worm (Lair:2)
  3 dart slugs
  47 orcs
  7 ball pythons
  10 bats
  5 endoplasms (D:4)
  10 giant cockroaches
  3 goblins
  7 hobgoblins
  3 jackals (D:1)
  7 quokkas
  3 training dummies (D:5)
  3 frilled lizards
  17 kobolds
  3 rats
640 creatures vanquished.

Vanquished Creatures (others)
  A bloated husk (Swamp:1)
  An orc (D:7)
  18 fungi
  A lurking horror (Abyss:2)
  16 plants
  2 starspawn tentacles (Abyss:2)
  A withered plant (D:5)
40 creatures vanquished.

Grand Total: 680 creatures vanquished

Notes
Turn   | Place    | Note
-------+----------+-------------------------------------------
     0 | D:1      | Anon1729 the Minotaur Monk began the quest for the Orb.
     0 | D:1      | Reached XP level 1. HP: 19/19 MP: 0/0
   259 | D:1      | Found a faded altar of an unknown god.
   317 | D:1      | Reached XP level 2. HP: 26/27 MP: 1/1
   321 | D:1      | Reached skill level 4 in Axes
   385 | D:1      | Reached skill level 1 in Armour
  1101 | D:2      | Reached XP level 3. HP: 27/33 MP: 2/2
  1238 | D:2      | Found an opulent altar of Gozag.
  1242 | D:2      | Noticed Natasha
  1252 | D:2      | Killed Natasha
  1253 | D:2      | Reached XP level 4. HP: 33/40 MP: 3/3
  1257 | D:2      | Became a worshipper of Gozag Ym Sagoz the Greedy
  1383 | D:2      | Noticed Natasha
  1388 | D:2      | Killed Natasha
  1389 | D:2      | Reached skill level 5 in Axes
  1658 | D:3      | Reached XP level 5. HP: 46/47 MP: 4/4
  1673 | D:3      | Noticed Jessica
  1684 | D:3      | Killed Jessica
  2379 | D:3      | You fall into a shaft and drop 2 floors!
  2379 | D:5      | Entered Level 5 of the Dungeon
  2393 | D:5      | Found a basalt altar of Yredelemnul.
  2592 | D:4      | Noticed an ogre
  2600 | D:4      | Killed an ogre
  2601 | D:4      | Reached skill level 5 in Fighting
  2601 | D:4      | Reached skill level 6 in Axes
  2601 | D:4      | Reached XP level 6. HP: 23/56 MP: 5/5
  2715 | D:4      | Identified the +2 spear of the Girdle {flame, rF+ rC- rN+}
  2819 | D:4      | Found a glowing drain.
  2963 | Sewer    | Entered a sewer
  2998 | Sewer    | Noticed Pargi
  3008 | Sewer    | Killed Pargi
  3139 | D:4      | Reached XP level 7. HP: 57/61 MP: 6/6
  3149 | D:4      | Reached skill level 5 in Dodging
  3259 | D:4      | Reached skill level 7 in Axes
  3971 | D:5      | Identified the amulet "Cuimou" {Acrobat -Tele rN+ Regen+
                  | SInv}
  4205 | D:5      | Reached skill level 8 in Axes
  4205 | D:5      | Reached XP level 8. HP: 51/70 MP: 7/7
  4205 | D:5      | Found a radiant altar of Vehumet.
  4364 | D:5      | Found Dustruge's Firing Range.
  4456 | D:5      | Reached skill level 5 in Armour
  4905 | D:6      | Reached skill level 9 in Axes
  4958 | D:6      | Noticed Dowan
  4959 | D:6      | Noticed Duvessa
  4960 | D:6      | Noticed Grinder
  4969 | D:6      | Killed Grinder
  4970 | D:6      | Reached XP level 9. HP: 76/79 MP: 8/8
  5131 | D:6      | Killed Duvessa
  5131 | D:6      | Killed Dowan
  5132 | D:6      | Reached skill level 10 in Axes
  5234 | D:6      | Noticed Sigmund
  5244 | D:6      | Killed Sigmund
  5273 | D:6      | Found a large runed translucent door.
  5274 | D:6      | Found a large runed translucent door.
  5274 | D:6      | Found a large runed translucent door.
  5275 | D:6      | Noticed a boulder beetle
  5278 | D:6      | Found a large runed translucent door.
  5356 | D:6      | Identified the ring "Giod" {rC+ Str+3 Int+5 Stlth+}
  5430 | D:6      | Noticed a two-headed ogre
  5492 | D:6      | Killed a two-headed ogre
  5493 | D:6      | Reached skill level 11 in Axes
  5671 | D:6      | Found Umuor's Weapon Emporium.
  5709 | D:6      | Found a runed translucent door.
  5710 | D:6      | Noticed Crazy Yiuf
  5984 | D:7      | Reached XP level 10. HP: 82/90 MP: 9/9
  6132 | D:7      | Found Kebas's General Store.
  6148 | D:7      | Bought a scroll of teleportation for 42 gold pieces
  6148 | D:7      | Bought a potion of mutation for 112 gold pieces
  6291 | D:7      | Found a staircase to the Ecumenical Temple.
  6421 | D:7      | Reached skill level 12 in Axes
  7057 | D:8      | Reached skill level 13 in Axes
  7287 | D:8      | Noticed an orange crystal statue
  7456 | D:9      | Reached XP level 11. HP: 99/99 MP: 10/10
  7565 | D:9      | Reached skill level 10 in Fighting
  7643 | D:9      | Found a staircase to the Orcish Mines.
  8011 | D:10     | Entered Level 10 of the Dungeon
  8026 | D:10     | Noticed Erica
  8034 | D:10     | Killed Erica
  8112 | D:10     | Reached skill level 14 in Axes
  8363 | D:10     | Noticed a two-headed ogre
  8412 | D:10     | Killed a two-headed ogre
  8413 | D:10     | Reached skill level 10 in Armour
  8478 | D:10     | Reached skill level 10 in Dodging
  8524 | D:10     | Noticed a rakshasa
  8583 | D:10     | Killed a rakshasa
  8584 | D:10     | Reached skill level 15 in Axes
  8684 | D:10     | Noticed a boulder beetle
  8692 | D:10     | Killed a boulder beetle
  8693 | D:10     | Reached XP level 12. HP: 85/110 MP: 11/11
  8820 | D:10     | Noticed a two-headed ogre
  8820 | D:10     | Noticed a two-headed ogre
  8836 | D:10     | Killed a two-headed ogre
  8847 | D:10     | Killed a two-headed ogre
  9466 | D:11     | Found a transporter.
  9548 | D:11     | Noticed an orc high priest
  9557 | D:11     | Found a transporter.
  9690 | D:11     | Noticed a two-headed ogre
  9698 | D:11     | Killed a two-headed ogre
 10227 | D:8      | Reached skill level 16 in Axes
 10322 | D:8      | Found a staircase to the Lair.
 10485 | D:8      | Noticed a two-headed ogre
 10702 | Lair:1   | Entered Level 1 of the Lair of Beasts
 10735 | Lair:1   | Noticed Fannar
 10754 | Lair:1   | Killed Fannar
 11903 | Lair:2   | Noticed a six-headed hydra
 11913 | Lair:2   | Reached XP level 13. HP: 104/119 MP: 12/12
 11982 | Lair:2   | Reached skill level 17 in Axes
 12247 | Lair:2   | Found a hole to the Spider Nest.
 12338 | Lair:2   | Found a staircase to the Swamp.
 14058 | Lair:4   | You fall into a shaft and drop 1 floor!
 14058 | Lair:5   | Entered Level 5 of the Lair of Beasts
 14161 | Lair:5   | Reached skill level 18 in Axes
 14678 | Lair:5   | Reached XP level 14. HP: 119/130 MP: 13/13
 14786 | Lair:5   | Paralysed by a hornet for 3 turns
 14939 | Lair:5   | Reached skill level 19 in Axes
 15219 | Lair:5   | Got the Compilation of the Valley
 15322 | Lair:5   | Found a runed translucent door.
 15323 | Lair:5   | Found a staircase to the Slime Pits.
 15323 | Lair:5   | Noticed an azure jelly
 16087 | Orc:1    | Entered Level 1 of the Orcish Mines
 16101 | Orc:1    | Noticed Nergalle
 16104 | Orc:1    | Noticed Maurice
 16110 | Orc:1    | Killed Nergalle
 16123 | Orc:1    | Killed Maurice
 16326 | Orc:2    | Entered Level 2 of the Orcish Mines
 16326 | Orc:2    | Found Moopel's Magic Scroll Emporium.
 16330 | Orc:2    | Paralysed by an ogre mage for 3 turns
 16707 | Orc:2    | Reached skill level 20 in Axes
 16902 | Orc:2    | Found Kiwnemao's Assorted Antiques.
 16945 | Orc:2    | Found a staircase to the Elven Halls.
 17002 | Orc:2    | Found Offujog's Assorted Antiques.
 17021 | Orc:2    | Found Ymneg's General Store.
 17086 | Orc:2    | Bought a scroll of poison for 56 gold pieces
 17086 | Orc:2    | Bought a scroll of immolation for 56 gold pieces
 17086 | Orc:2    | Bought 2 scrolls of amnesia for 112 gold pieces
 17086 | Orc:2    | Bought a scroll of blinking for 105 gold pieces
 17086 | Orc:2    | Bought a scroll of magic mapping for 105 gold pieces
 17086 | Orc:2    | Bought a scroll of identify for 28 gold pieces
 17086 | Orc:2    | Bought a scroll of identify for 28 gold pieces
 17086 | Orc:2    | Bought a scroll of fog for 56 gold pieces
 17086 | Orc:2    | Bought a scroll of fear for 56 gold pieces
 17086 | Orc:2    | Bought a scroll of blinking for 105 gold pieces
 17179 | Orc:2    | Bought a scroll of teleportation for 45 gold pieces
 17249 | Orc:2    | Noticed Sonja
 17258 | Abyss:2  | Cast into level 2 of the Abyss (Sonja)
 17354 | Abyss:2  | Reached XP level 15. HP: 48/139 MP: 14/14
 17638 | Abyss:2  | Reached skill level 15 in Fighting
 17650 | Abyss:2  | Gained mutation: Your spells are a little easier to cast,
                  | but a little less powerful. [a cacodemon]
 17765 | Abyss:2  | Found a corrupted altar of Lugonu.
 17789 | Abyss:2  | Noticed a tentacled starspawn
 17804 | Abyss:2  | Noticed a bone dragon
 17814 | Orc:2    | Escaped the Abyss
 18013 | Orc:2    | Killed Sonja
 18073 | Orc:2    | Found Oheahuheta's Jewellery Shoppe.
 18765 | Swamp:1  | Entered Level 1 of the Swamp
 19236 | Swamp:1  | Noticed a fenstrider witch
 19246 | Swamp:1  | Killed a fenstrider witch
 19253 | Swamp:1  | HP: 2/141 [shambling mangrove (28)]
 19253 | Swamp:1  | Constricted to death by a shambling mangrove

Illustrated notes

Levels and vault maps discovered:
D:1:      dpeg_arrival_houses_and_road, layout_basic,
          shapermc_ecumenical_altar_totnotflames
D:2:      layout_loops_ring, basic_altar, uniq_natasha
D:3:      layout_loops_corners, grunt_temple_overflow_octagram, uniq_jessica
D:4:      layout_gridville, portal_sewer_entry_f, nrook_mini_vaults,
          minmay_bisected
D:5:      layout_cave_pods, nicolae_vehumet_radiance, yredelemnul_altar_generic,
          nicolae_shop_firing_range
D:6:      layout_cave_pools, serial_shops, kennysheep_mini_moat,
          minmay_hollow_rounded_squares, uniq_sigmund, uniq_duvessa,
          uniq_grinder, uniq_crazy_yiuf_cottage
D:7:      minmay_chambers_of_fours, layout_basic, temple_statues, serial_shops,
          nicolae_shop_trees, grunt_ministairs_3, minmay_splitting_lines,
          grunt_decor_junction, minmay_joined_circles
D:8:      minmay_razor_zed, layout_rooms, erik_lair_dragon, disabler_island
D:9:      layout_loops_ring, orc_0_dummy
D:10:     minmay_quarter_circles, layout_small_grid, uniq_erica
D:11:     gammafunk_wand_slinger, layout_irregular_city
Lair:1:   layout_layer_cave, minivault_24, patterned_corridor, uniq_fannar
Lair:2:   layout_long_grid, minmay_swamp_entry_swarm,
          nicolae_spider_entry_non_spiders, chequers_serial_rivers_room_a,
          serial_bayou_shore_a, grunt_megastairs_3, infiniplex_staircase_pool_2
Lair:3:   layout_layer_cave
Lair:4:   layout_roguey
Lair:5:   minmay_lair_end_enchanted_forest, layout_cave_shapes, slime_entry_2,
          grunt_megastairs_5
Swamp:1:  layout_basic_swamp, evilmike_swamp_ruin_rubble_1, swamp_pool2
Orc:1:    layout_caves, uniq_nergalle, uniq_maurice
Orc:2:    st_orc_open, layout_caves, serial_shops, nicolae_shop_hallway_stairs,
          uniq_sonja

Skill      XL: |  1  2  3  4  5  6  7  8  9 10 11 12 13 14 15 |
---------------+----------------------------------------------+-----
Axes           | 4 5 6 8 9 11 13 15 16 18 20 | 20.7
Armour         | 1 2 3 4 6 7 9 10 11 13 14 | 14.8
Fighting       | 4 5 6 7 8 9 11 12 13 14 15 | 15.2
Dodging        | 4 5 6 7 9 10 11 12 13 14 | 14.1
Stealth        | |  1.5

Action                     |  1- 3 |  4- 6 |  7- 9 | 10-12 | 13-15 || total
---------------------------+-------+-------+-------+-------+-------++-------
  Melee: Hand axe          |    55 |   156 |    98 |       |       ||   309
         Headbutt          |     4 |    17 |    42 |   104 |   173 ||   340
         Punch             |       |     1 |     3 |     4 |     4 ||    12
         Battleaxe         |       |       |    72 |       |       ||    72
         Broad axe         |       |       |    21 |   483 |   679 ||  1183
 Invoke: Potion Petition   |       |       |     1 |     4 |     1 ||     6
  Evoke: Wand              |       |       |       |     2 |     5 ||     7
    Use: Potion            |       |     2 |       |     6 |     5 ||    13
         Scroll            |       |       |     7 |     3 |    16 ||    26
   Stab: Sleeping          |     1 |       |       |       |       ||     1
         Distracted        |       |       |     3 |     2 |     2 ||     7
 Armour: Robe              |     4 |       |       |       |       ||     4
         Chain mail        |    30 |    67 |    67 |    55 |       ||   219
         Plate armour      |       |       |       |    59 |   203 ||   262
  Dodge: Dodged            |    45 |    87 |   170 |   393 |   491 ||  1186

Table legend: (Time is in decaauts)
 A = Elapsed time spent in this place.
 B = Non-inter-level travel time spent in this place.
 C = Inter-level travel time spent in this place.
 D = Time resting spent in this place.
 E = Time spent auto-exploring this place.
 F = Levels seen in this place.
 G = Mean time per level.
                   A        B        C        D        E       F      G
               +--------+--------+--------+--------+--------+-----+--------+
         Total |  18991 |  17853 |   1138 |   1393 |  13103 |  21 |  904.3 |
       Dungeon |  10646 |   9915 |    731 |    408 |   7638 |  11 |  967.8 |
          Lair |   5232 |   4958 |    274 |     16 |   3990 |   5 | 1046.4 |
         Swamp |    478 |    478 |      0 |    137 |    292 |   1 |  478.0 |
  Orcish Mines |   1973 |   1841 |    132 |    666 |    967 |   2 |  986.5 |
         Abyss |    529 |    529 |      0 |    165 |    150 |   1 |  529.0 |
         Sewer |    130 |    130 |      0 |      0 |     65 |   1 |  130.0 |
               +--------+--------+--------+--------+--------+-----+--------+

Top non-repeatable levels by time:
     D:4: 1324 daAuts
     D:8: 1300 daAuts
  Lair:3: 1252 daAuts
    D:10: 1238 daAuts
  Lair:1: 1237 daAuts
  Lair:5: 1226 daAuts
   Orc:1: 1224 daAuts
     D:5: 1168 daAuts
     D:7: 1095 daAuts
  Lair:2: 948 daAuts
     D:1: 906 daAuts
     D:6: 834 daAuts
     D:2: 752 daAuts
   Orc:2: 749 daAuts
     D:3: 727 daAuts
